 Dungeon Sprint DCSS version 0.17-a0-1324-ga541562 (webtiles) character file.

312 Kidiri the Covert (level 6, -3/28 HPs)
             Began as a Spriggan Enchanter on June 9, 2015.
             Was an Initiate of Dithmenos.
             Slain by a spatial vortex (9 damage)
             ... in the Dungeon (Sprint III: "The Ten Rune Challenge").
             The game lasted 00:02:34 (442 turns).

Kidiri the Covert (Spriggan Enchanter)               Turns: 442, Time: 00:02:34

Health: -3/28      AC:  3    Str:  2    XL:     6   Next: 18%
Magic:  15/15      EV: 26    Int: 17    God:    Dithmenos [......]
Gold:   20         SH:  0    Dex: 18    Spells: 5 memorised, 4 levels left

rFire  . . .     SeeInvis +     a - +1 dagger
rCold  + . .     Clarity  .     b - +1 robe
rNeg   . . .     SustAt   .     (shield restricted)
rPois  .         Gourm    .     (helmet restricted)
rElec  .         Spirit   .     (no cloak)
rCorr  .         Warding  .     (gloves unavailable)
rMut   .         NoTele   +     (boots unavailable)
MR     +....                    (no amulet)
Stlth  +++++.....               (no ring)
                                (no ring)

@: very quick, somewhat resistant to hostile enchantments, quite stealthy
A: unfitting armour, hooves 1, see invisible, cold resistance 1, herbivore 3,
speed 3, slow metabolism 2, weak 1, MP-powered wands
a: Renounce Religion


You were in the Dungeon.
You worshipped Dithmenos.
Dithmenos was noncommittal.
You were not hungry.

You visited 1 branch You collected 20 gold pieces.

Inventory:

Hand weapons
 a - a +1 dagger (weapon)
Armour
 b - a +1 robe (worn)
Scrolls
 j - a scroll of blinking
 l - a scroll of torment
 n - a scroll of fear
 r - 2 scrolls of remove curse {unknown}
Potions
 e - a potion of curing
 f - a potion of heal wounds
 g - a potion of haste
 h - 2 potions of magic
 i - a potion of berserk rage
 p - 3 potions of cure mutation
 q - 3 potions of flight
Books
 c - a book of Maledictions

   Spells                             Type                      Level
   a - Corona                         Hexes                        1
   b - Ensorcelled Hibernation        Hexes/Ice                    2
   c - Confuse                        Hexes                        3
   d - Tukima's Dance                 Hexes                        3
   e - Dazzling Spray                 Conjuration/Hexes            3
Comestibles
 d - a bread ration
 o - 2 royal jellies


   Skills:
 * Level 6.9 Short Blades
 * Level 9.4 Dodging
 * Level 10.7 Stealth
 + Level 5.9 Spellcasting
 + Level 6.4 Hexes
 + Level 2.5 Ice Magic


You had 4 spell levels left.
You knew the following spells:

 Your Spells              Type           Power        Failure   Level  Hunger
a - Corona                Hex            ####...      1%          1    None
b - Ensorcelled Hibernat  Hex/Ice        ###...       3%          2    None
c - Confuse               Hex            ####....     3%          3    ##.....
d - Tukima's Dance        Hex            ####....     3%          3    ##.....
e - Dazzling Spray        Conj/Hex       ###.....     12%         3    ##.....


Dungeon Overview and Level Annotations

Branches:
Dungeon (1/1)

Altars:
Dithmenos
Gozag
Makhleb
Nemelex Xobeh
Qazlal
Ru
Xom
Jiyva
Lugonu


Innate Abilities, Weirdness & Mutations

You are tiny and cannot use many weapons and most armour.
You have supernaturally acute eyesight.
You are a herbivore.
You cover ground extremely quickly.
You need consume almost no food.
You have large cloven feet.
Your flesh is cold resistant.
You are weak. (Str -2)
You expend magic power (3 MP) to strengthen your wands.


Message History

Found a crystal ball of energy.
Found five altars.
There is an open door here.
There is a sacrificial altar of Ru here.
There is a viscous altar of Jiyva here.
Casting: Confuse
Confirm with . or Enter, or press ? or * to list all spells.
Aiming: Ensorcelled Hibernation
Press: ? - help, Shift-Dir - straight line, f - spatial vortex
Aim: a spatial vortex (magic immune)
Okay, then.
Unknown command.
There is a shadowy altar of Dithmenos here.
You barely miss the spatial vortex. Your kick misses the spatial vortex.
You kneel at the altar of Dithmenos.
Dithmenos welcomes you! The spatial vortex hits you!!
Ouch! That really hurt!
* * * LOW HITPOINT WARNING * * *
Space warps horribly around you!
You die...

..♣♣♣♣ ♣.# .....♣ ♣.#
...♣♣♣ ♣♣.#
...≈.♣♣♣..###+#+###+##
..≈≈...♣♣.#..........#
.≈≈≈≈.♣...'.⌠........#
.≈≈≈≈≈≈...#...######'#
≈≈≈≈≈≈....#.⌠.#v_#...#
≈≈≈≈≈.....#...#_@#...#
≈≈≈.......#+###__#...#
..........# #__#...+
..........# #_.'...#
▓▓▓▓▓▓▓▓▓▓▓ ▓▓▓▓▓▓▓▓


You could see a spatial vortex.

Vanquished Creatures
  A shadow (D)
  A water elemental (D)
  A scorpion (D)
  A jelly (D)
  A human (D)
  An ooze (D)
  3 rats (D)
9 creatures vanquished.

Vanquished Creatures (others)
  2 draconian scorchers (D)
  A yaktaur (D)
3 creatures vanquished.

Grand Total: 12 creatures vanquished

Notes
Turn   | Place    | Note
--------------------------------------------------------------
     0 | D        | Kidiri the Spriggan Enchanter began the quest for the Orb.
     0 | D        | Reached XP level 1. HP: 9/9 MP: 5/5
     4 | D        | Reached skill level 5 in Stealth
    33 | D        | Noticed a scorpion
    40 | D        | Killed a scorpion
    40 | D        | Reached skill level 5 in Dodging
    40 | D        | Reached skill level 7 in Stealth
    40 | D        | Reached XP level 2. HP: 13/13 MP: 6/8
    40 | D        | Reached XP level 3. HP: 16/16 MP: 6/9
    45 | D        | Learned a level 3 spell: Confuse
    55 | D        | Reached skill level 5 in Hexes
    55 | D        | Reached XP level 4. HP: 14/21 MP: 4/11
    60 | D        | Learned a level 3 spell: Tukima's Dance
    62 | D        | Killed a yaktaur
    63 | D        | Learned a level 2 spell: Ensorcelled Hibernation
   161 | D        | Gained mutation: You are weak. (Str -2) [potion of mutation]
   161 | D        | Gained mutation: You have large cloven feet. [potion of mutation]
   162 | D        | Gained mutation: Your flesh is cold resistant. [potion of mutation]
   162 | D        | Gained mutation: You expend magic power (3 MP) to strengthen your wands. [potion of mutation]
   208 | D        | Killed a white draconian scorcher
   222 | D        | Killed a white draconian scorcher
   390 | D        | Noticed a water elemental
   393 | D        | Killed a water elemental
   393 | D        | Reached skill level 5 in Short Blades
   393 | D        | Reached skill level 8 in Stealth
   393 | D        | Reached skill level 1 in Ice Magic
   398 | D        | Learned a level 3 spell: Dazzling Spray
   408 | D        | Noticed a jelly
   409 | D        | Noticed a shadow
   411 | D        | Killed a shadow
   411 | D        | Reached skill level 9 in Dodging
   411 | D        | Reached skill level 10 in Stealth
   411 | D        | Reached skill level 5 in Spellcasting
   411 | D        | Reached XP level 5. HP: 24/24 MP: 12/14
   411 | D        | Reached XP level 6. HP: 28/28 MP: 12/15
   415 | D        | Killed a jelly
   436 | D        | Found a stormy altar of Qazlal.
   436 | D        | Found a sacrificial altar of Ru.
   436 | D        | Found a burning altar of Makhleb.
   436 | D        | Found a shimmering altar of Xom.
   437 | D        | Found a viscous altar of Jiyva.
   437 | D        | Found a shadowy altar of Dithmenos.
   437 | D        | Found a sparkling altar of Nemelex Xobeh.
   437 | D        | Found a corrupted altar of Lugonu.
   437 | D        | Found an opulent altar of Gozag.
   437 | D        | Noticed a spatial vortex
   442 | D        | Became a worshipper of Dithmenos the Shadowed
   442 | D        | Slain by a spatial vortex

Vault maps used:
D:        dungeon_sprint_mu

Action                   |  1- 3 |  4- 6 || total
-------------------------+-------+-------++-------
Melee: Dagger            |     6 |     4 ||    10
 Cast: Confuse           |     1 |       ||     1
  Use: Scroll            |       |     3 ||     3
       Potion            |       |     2 ||     2
 Stab: Sleeping          |     5 |     3 ||     8
